[Event "2nd Turkish League 2017"]
[Site "Konya"]
[Date "2017.07.18"]
[Round "2"]
[White "Ozkurt, Kutay"]
[Black "Kerem, Halil Ozgun"]
[Result "0-1"]
[ECO "B50"]
[WhiteElo "1712"]
[BlackElo "2074"]
[Annotator "NA"]
[PlyCount "88"]
[EventType "team-tourn"]
[EventCountry "TUR"]
[SourceTitle "playchess.com"]
[Source "ChessBase"]
[SourceQuality "1"]
[TimeControl "5400+30"]

1. e4 c5 2. Nf3 d6 3. c3 Nf6 4. Bc4 Nc6 5. Qe2 Bg4 6. d3 e6 {[%emt 0:00:00] LiveBook: 19 Games B50: Sicilian: 2...d6, Miscellaneous} 7. Nbd2 (7. Bb3 Be7 8. Bf4 d5 9. h3 Bh5 10. Nbd2 O-O 11. g4 Bg6 12. Bc2 Rc8 13. Kf1 Qb6 14. Rb1 {0-1 (33) Eisenbeiser,A (2396)-Predojevic,B (2640) Austria 2017}) 7... Be7 8. O-O O-O 9. Bb3 d5 10. Rd1 $146 ({Predecessor:} 10. Re1 Bh5 11. h3 Bg6 12. e5 Nd7 13. Nf1 b5 14. Bc2 d4 15. a4 a6 16. cxd4 cxd4 17. axb5 axb5 {½-½ (17) Zambor,N (2500)-Vrbica,L (2245) Slovakia 2002}) 10... Qc7 11. Nf1 Ne5 12. exd5 Bxf3 $1 $15 {[%emt 0:01:30] stays ahead.} (12... Nxd5 $2 ) 13. gxf3 Nxd5 14. Bxd5 exd5 15. Ng3 Ng6 16. Kh1 Rfe8 17. d4 c4 18. Qc2 Qd7 ({Better is} 18... Nh4 19. f4 Bd6) 19. Qf5 Qxf5 20. Nxf5 Bh4 21. Be3 Re6 22. Rg1 Bd8 23. Bg5 Bxg5 24. Rxg5 h6 25. Rg3 Re2 26. Rag1 Rxb2 27. h4 h5 28. Rg5 Rxf2 29. Rxh5 Re8 (29... Rxa2 $2 30. Rhg5 $17) ({Don't take} 29... Rxf3 30. Rg3 $19) 30. Rhg5 Ree2 (30... Rxf3 $142 31. Rb1 b6) 31. R5g2 $19 (31. R1g2 $142) 31... Rxa2 32. Rxf2 Rxf2 33. h5 Rxf3 34. Nd6 Rh3+ 35. Kg2 Rxh5 36. Nxb7 Rg5+ 37. Kf2 Rxg1 38. Kxg1 Kf8 39. Na5 Ne7 40. Kf2 Ke8 41. Nb7 Kd7 42. Nc5+ Kc6 43. Ke3 a5 44. Kf4 f6 0-1

[Event "2nd Turkish League 2017"]
[Site "Konya"]
[Date "2017.07.20"]
[Round "2"]
[White "Kabuk, Erdem"]
[Black "Yasin, Hur"]
[Result "1-0"]
[ECO "B80"]
[WhiteElo "1710"]
[BlackElo "2022"]
[Annotator "NA"]
[PlyCount "71"]
[EventType "team-tourn"]
[EventCountry "TUR"]
[SourceTitle "playchess.com"]
[Source "ChessBase"]
[SourceQuality "1"]
[TimeControl "5400+30"]

1. e4 c5 2. Nf3 a6 3. Nc3 e6 4. d4 cxd4 5. Nxd4 Qc7 6. g3 Nc6 7. Bg2 Nf6 8. O-O Be7 9. Re1 d6 10. Nxc6 bxc6 11. e5 dxe5 12. Rxe5 Nd5 ({Black should play} 12... O-O $14 13. Bf4 Qb7) 13. Nxd5 {[%emt 0:06:30] LiveBook: 3 Games B80: Sicilian Scheveningen: 6 g3 and 6 Be3, including English Attack} cxd5 14. Qe2 ({Better is} 14. Bf4 $16 Qb6 {[#]} (14... Bd6 15. Qxd5 Rb8 16. Qd4 O-O 17. Rd1 Rb6 18. Rg5 e5 19. Bxe5 Bxe5 20. Rxe5 Qxc2 21. Rc5 {1-0 (21) Sidorenko,I (2415)-Nedobora,M (2384) Israel 2012}) 15. c4 $1 ) 14... Ra7 $146 ({Predecessor:} 14... O-O 15. Bxd5 Rb8 16. Re4 Qc5 17. Bb3 Bb7 18. Be3 Qc6 19. f3 Rbd8 20. Kg2 Bf6 {1-0 (40) Cordts,I (2292)-Becker,T (2154) Bad Wiessee 2010}) 15. c4 d4 16. Bf4 Qb6 {[%emt 0:00:30] [#]} (16... Qd7 $14) 17. c5 $1 Qd8 18. c6 g5 (18... O-O {is a better defense.} 19. Qc4 Qb6) 19. Bd2 f6 20. Rxe6 Bxe6 21. Qxe6 Qd6 22. Qb3 Kf8 23. Ba5 Kg7 24. Bb6 $2 ({White should try} 24. Qb6 $18 Raa8 25. c7) 24... Raa8 25. c7 Rab8 26. cxb8=Q Rxb8 {[%emt 0:00:30] [#]} 27. Re1 $18 ({Not} 27. Bc5 Qc7 $14) 27... d3 28. Re6 Qd7 29. Bc6 Rxb6 30. Bxd7 Rxb3 31. Rxe7+ Kf8 32. Re8+ Kf7 33. Be6+ Kxe8 34. Bxb3 Kd7 35. f3 f5 36. f4 1-0

[Event "2nd Turkish League 2017"]
[Site "Konya"]
[Date "2017.07.18"]
[Round "2"]
[White "Ilkbahar, Nimet Seray"]
[Black "Vanlioglu, Ece"]
[Result "1-0"]
[ECO "B01"]
[WhiteElo "1618"]
[BlackElo "1134"]
[Annotator "NA"]
[PlyCount "51"]
[EventType "team-tourn"]
[EventCountry "TUR"]
[SourceTitle "playchess.com"]
[Source "ChessBase"]
[SourceQuality "1"]
[TimeControl "5400+30"]

1. e4 d5 2. exd5 Qxd5 3. Nc3 Qa5 4. Bc4 Nf6 5. d4 e5 6. Qe2 Bd6 7. Bb5+ c6 8. dxe5 O-O 9. exf6 Bd7 10. Bd3 Re8 11. Be3 Bf4 12. O-O-O Qc5 13. Re1 Na6 14. Kb1 Bxe3 15. fxe3 Nb4 16. fxg7 a5 17. Nf3 a4 18. Ne4 Qd5 19. Nf6+ Kxg7 20. Nxd5 cxd5 21. Qf2 Nxd3 22. cxd3 Bb5 23. Rd1 a3 24. b3 Rac8 25. Nd4 Bd7 26. Rhf1 1-0

[Event "2nd Turkish League 2017"]
[Site "Konya"]
[Date "2017.07.18"]
[Round "2"]
[White "Koc, Aylin"]
[Black "Duru, Ipek"]
[Result "1-0"]
[ECO "C47"]
[WhiteElo "1550"]
[BlackElo "1405"]
[Annotator "NA"]
[PlyCount "41"]
[EventType "team-tourn"]
[EventCountry "TUR"]
[SourceTitle "playchess.com"]
[Source "ChessBase"]
[SourceQuality "1"]
[TimeControl "5400+30"]

1. e4 e5 2. Nf3 Nc6 3. Nc3 Nf6 4. d4 exd4 5. Nxd4 Bb4 6. Nxc6 bxc6 7. Bd3 Bxc3+ 8. bxc3 h6 9. O-O Qe7 10. Qf3 O-O 11. Re1 Qe5 12. Bf4 Qxc3 13. e5 Nd5 14. Qe4 f5 15. exf6 Qxf6 16. Qh7+ Kf7 17. Be5 Qg5 18. h4 Qg4 19. h5 Nf4 20. Bg6+ Ke6 21. Bxf4+ 1-0

[Event "2nd Turkish League 2017"]
[Site "Konya"]
[Date "2017.07.20"]
[Round "2"]
[White "Dayan, Cansu"]
[Black "Turkkan, Ece"]
[Result "1/2-1/2"]
[ECO "B06"]
[WhiteElo "1525"]
[BlackElo "1532"]
[Annotator "NA"]
[PlyCount "80"]
[EventType "team-tourn"]
[EventCountry "TUR"]
[SourceTitle "playchess.com"]
[Source "ChessBase"]
[SourceQuality "1"]
[TimeControl "5400+30"]

1. e4 d6 2. d4 g6 3. Nc3 Bg7 4. g3 Nd7 5. f4 a6 6. Bg2 Rb8 7. Be3 b5 8. Qd2 Bb7 9. Nd1 c5 10. c3 Ngf6 11. Nf2 O-O 12. Ne2 Qc7 13. g4 Nb6 14. b3 cxd4 15. cxd4 Rfc8 16. Rc1 Qd8 17. O-O Rxc1 18. Rxc1 Rc8 19. f5 Rxc1+ 20. Qxc1 a5 21. Bh6 d5 22. e5 Ne4 23. Nxe4 Bxh6 24. Qxh6 dxe4 25. h4 Qf8 26. Qc1 Qc8 27. Qg5 Qc7 28. f6 Nd5 29. Bxe4 exf6 30. exf6 Qd6 31. Bxd5 Bxd5 32. Nf4 Bc6 33. h5 Qxd4+ 34. Kf1 Qd1+ 35. Kf2 Qf3+ 36. Ke1 Qe3+ 37. Kf1 Qf3+ 38. Ke1 Qe3+ 39. Kd1 Bf3+ 40. Kc2 Be4+ 1/2-1/2

[Event "2nd Turkish League 2017"]
[Site "Konya"]
[Date "2017.07.20"]
[Round "2"]
[White "Tutuncu, Inci"]
[Black "Ozsoy, Damla"]
[Result "0-1"]
[ECO "A07"]
[WhiteElo "1436"]
[BlackElo "1490"]
[Annotator "NA"]
[PlyCount "124"]
[EventType "team-tourn"]
[EventCountry "TUR"]
[SourceTitle "playchess.com"]
[Source "ChessBase"]
[SourceQuality "1"]
[TimeControl "5400+30"]

1. Nf3 Nf6 2. g3 d5 3. d3 g6 4. Bg2 Bg7 5. O-O O-O 6. Nbd2 e6 7. c4 c5 8. Rb1 Nc6 9. b3 b6 10. cxd5 exd5 11. Bb2 Re8 12. d4 Qe7 13. e3 Bf5 14. Ra1 Bd3 15. Re1 Ne4 16. a3 Rac8 17. Ra2 c4 18. bxc4 dxc4 19. Nxe4 Bxe4 20. Bc3 Nd8 21. Qa1 Nb7 22. Nd2 Bd3 23. d5 Bxc3 24. Qxc3 Nd6 25. a4 Red8 26. Raa1 Ne4 27. Nxe4 Bxe4 28. Rad1 Bxg2 29. Kxg2 Rxd5 30. Rxd5 Qe4+ 31. f3 Qxd5 32. e4 Qc6 33. Ra1 a6 34. Kf2 b5 35. axb5 axb5 36. Rb1 Rb8 37. Rb4 Rd8 38. Qe5 Qb6+ 39. Kf1 Rb8 40. Ke2 Qb7 41. Kd2 Rd8+ 42. Kc2 Rb8 43. Kc3 Qb6 44. Qd4 Qxd4+ 45. Kxd4 Kg7 46. Kc3 Kf6 47. f4 Ke6 48. Rb2 Rb7 49. g4 f5 50. gxf5+ gxf5 51. e5 Kd5 52. Rd2+ Ke4 53. Rd4+ Kf3 54. Kb4 Ke3 55. Kc5 c3 56. Kc6 Rb8 57. Kc7 Rg8 58. Rd5 b4 59. e6 c2 60. Rc5 Kd2 61. Kd6 c1=Q 62. Rxc1 Kxc1 0-1

[Event "2nd Turkish League 2017"]
[Site "Konya"]
[Date "2017.07.18"]
[Round "3"]
[White "Rzayev, Bahruz"]
[Black "Hasanzade, Toghrul"]
[Result "1/2-1/2"]
[ECO "B22"]
[WhiteElo "2386"]
[BlackElo "2352"]
[Annotator "NA"]
[PlyCount "64"]
[EventType "team-tourn"]
[EventCountry "TUR"]
[SourceTitle "playchess.com"]
[Source "ChessBase"]
[SourceQuality "1"]
[TimeControl "5400+30"]

1. e4 Nf6 2. e5 Nd5 3. c4 Nb6 4. c5 Nd5 5. Nc3 e6 6. d4 d6 7. cxd6 cxd6 8. Nf3 Nc6 9. exd6 Bxd6 10. Bd3 h6 11. O-O Nf6 12. a3 O-O 13. Bc2 e5 14. dxe5 Nxe5 15. Bf4 Nxf3+ 16. Qxf3 Bxf4 17. Qxf4 Qb6 18. Rab1 Be6 19. Rfd1 Rfd8 20. Rxd8+ Rxd8 21. Rd1 Rxd1+ 22. Nxd1 Qd8 23. h3 Nd5 24. Qe4 g6 25. Qd4 Qc7 26. Bb3 Nf4 27. Qe3 Bxb3 28. Qxb3 Qc6 29. Ne3 Qc1+ 30. Nd1 Qc6 31. Ne3 Qc1+ 32. Nd1 Qc6 1/2-1/2

[Event "2nd Turkish League 2017"]
[Site "Konya"]
[Date "2017.07.18"]
[Round "3"]
[White "Ozturk, Emir"]
[Black "Demirag, Batuhan"]
[Result "1-0"]
[ECO "A61"]
[WhiteElo "2202"]
[BlackElo "1914"]
[Annotator "NA"]
[PlyCount "63"]
[EventType "team-tourn"]
[EventCountry "TUR"]
[SourceTitle "playchess.com"]
[Source "ChessBase"]
[SourceQuality "1"]
[TimeControl "5400+30"]

1. d4 Nf6 2. c4 c5 3. d5 e6 4. Nc3 exd5 5. cxd5 d6 6. Nf3 g6 7. Bf4 Bg7 8. Qa4+ Kf8 9. Qd1 h6 10. e4 Nh5 11. Be3 Nd7 12. Be2 a6 13. a4 Qe7 14. Nd2 Bxc3 15. bxc3 Nhf6 16. Qc2 Kg7 17. c4 Re8 18. f3 Ne5 19. Rb1 Nh5 20. g4 Nf6 21. h3 g5 22. Nf1 Ng6 23. Bd2 Kg8 24. Bc3 Nd7 25. Ng3 Nde5 26. Kf2 Nf4 27. Bd2 Nfg6 28. Nh5 Ra7 29. Kg3 Ra8 30. Qc3 Ra7 31. Rb6 Nd7 32. Qg7# 1-0

[Event "2nd Turkish League 2017"]
[Site "Konya"]
[Date "2017.07.18"]
[Round "3"]
[White "Eren, Baran"]
[Black "Kuruz, Yusuf"]
[Result "1/2-1/2"]
[ECO "A36"]
[WhiteElo "2143"]
[BlackElo "1906"]
[Annotator "NA"]
[PlyCount "45"]
[EventType "team-tourn"]
[EventCountry "TUR"]
[SourceTitle "playchess.com"]
[Source "ChessBase"]
[SourceQuality "1"]
[TimeControl "5400+30"]

1. c4 Nf6 2. g3 g6 3. Bg2 Bg7 4. Nc3 O-O 5. d3 c5 6. a3 Nc6 7. Rb1 a5 8. e4 d6 9. Nge2 e5 10. O-O Nh5 11. f4 exf4 12. Nxf4 Nxf4 13. Bxf4 Nd4 14. Kh1 Be6 15. Be3 Qd7 16. Bxd4 Bxd4 17. Ne2 Bg4 18. Bf3 Bh3 19. Bg2 Bg4 20. Bf3 Bh3 21. Bg2 Bg4 22. Qd2 Bh3 23. Qd1 1/2-1/2

[Event "2nd Turkish League 2017"]
[Site "Konya"]
[Date "2017.07.18"]
[Round "3"]
[White "Bayrak, Asli"]
[Black "Karagulle, Hulya"]
[Result "1-0"]
[ECO "B22"]
[WhiteElo "2056"]
[BlackElo "1476"]
[Annotator "NA"]
[PlyCount "55"]
[EventType "team-tourn"]
[EventCountry "TUR"]
[SourceTitle "playchess.com"]
[Source "ChessBase"]
[SourceQuality "1"]
[TimeControl "5400+30"]

1. e4 c5 2. c3 d6 3. d4 cxd4 4. cxd4 a6 5. Nf3 g6 6. Bc4 e6 7. O-O Bg7 8. Nc3 Ne7 9. Be3 O-O 10. Qd2 Nd7 11. Bh6 b5 12. Bb3 Bb7 13. Bxg7 Kxg7 14. Qf4 b4 15. Nd1 d5 16. e5 Rc8 17. Ne3 a5 18. Rac1 Ng8 19. h4 f6 20. exf6+ Ndxf6 21. Qe5 Rxc1 22. Rxc1 Bc8 23. g4 Kf7 24. Ng5+ Ke7 25. Rc7+ Ke8 26. Ba4+ Nd7 27. Qxe6+ Ne7 28. Nxd5 1-0

[Event "2nd Turkish League 2017"]
[Site "Konya"]
[Date "2017.07.18"]
[Round "3"]
[White "Yalim, Suleyman"]
[Black "Akca, Gani Eren"]
[Result "0-1"]
[ECO "C93"]
[WhiteElo "2039"]
[BlackElo "2158"]
[Annotator "NA"]
[PlyCount "64"]
[EventType "team-tourn"]
[EventCountry "TUR"]
[SourceTitle "playchess.com"]
[Source "ChessBase"]
[SourceQuality "1"]
[TimeControl "5400+30"]

1. e4 e5 2. Nf3 Nc6 3. Bb5 a6 4. Ba4 Nf6 5. O-O Be7 6. Re1 b5 7. Bb3 d6 8. c3 O-O 9. h3 Bb7 10. d4 Re8 11. Ng5 Rf8 12. Nf3 h6 13. Nbd2 Re8 14. Nf1 Bf8 15. Ng3 Na5 16. Bc2 Nc4 17. a4 d5 18. axb5 axb5 19. Rxa8 Qxa8 20. dxe5 Nxe4 21. Nf5 Qa6 22. N5d4 c5 23. Nb3 Qa2 24. Re2 Qa8 25. Nbd2 Nexd2 26. Bxd2 d4 27. e6 fxe6 28. Bf4 Nxb2 29. Qb1 Bxf3 30. Bh7+ Kh8 31. Qg6 Bxe2 32. Be5 Bd3 0-1

[Event "2nd Turkish League 2017"]
[Site "Konya"]
[Date "2017.07.18"]
[Round "3"]
[White "Yasin, Hur"]
[Black "Kutlu, Sedat"]
[Result "1-0"]
[ECO "C43"]
[WhiteElo "2022"]
[BlackElo "1824"]
[Annotator "NA"]
[PlyCount "117"]
[EventType "team-tourn"]
[EventCountry "TUR"]
[SourceTitle "playchess.com"]
[Source "ChessBase"]
[SourceQuality "1"]
[TimeControl "5400+30"]

1. e4 e5 2. Nf3 Nf6 3. d4 exd4 4. e5 Ne4 5. Qxd4 d5 6. exd6 Nxd6 7. Bg5 f6 8. Bf4 Nc6 9. Qd2 Qe7+ 10. Be2 Bg4 11. O-O O-O-O 12. Re1 Ne4 13. Qc1 Qc5 14. Be3 Qh5 15. h3 Bd7 16. Ng5 Qe8 17. Nxe4 Qxe4 18. Nd2 Qg6 19. Bd3 Bf5 20. Bxf5+ Qxf5 21. c3 Ne5 22. Qb1 Nd3 23. Nf3 Bc5 24. Qc2 Qh5 25. Red1 Bxe3 26. Rxd3 Rxd3 27. Qxd3 Bc5 28. Rd1 Bd6 29. b4 Rd8 30. Qe2 Re8 31. Qc4 Kb8 32. a4 Qf5 33. a5 a6 34. Nd4 Qe5 35. g3 h5 36. Nf3 Qf5 37. Kg2 g5 38. Qf7 Re2 39. Qxh5 Qc2 40. Rd2 Rxd2 41. Qe8+ Ka7 42. Qe3+ Kb8 43. Qxd2 Qe4 44. Qd4 Qg6 45. Qe3 Qf5 46. Nd4 Qd5+ 47. Qf3 Qe5 48. Qf5 Qe7 49. Qe6 Qxe6 50. Nxe6 Be5 51. Nd4 Kc8 52. Kf3 Kd7 53. Ke4 Kd6 54. f4 Bxd4 55. Kxd4 Ke6 56. fxg5 fxg5 57. c4 Kf6 58. Kd5 Kf5 59. b5 1-0

[Event "2nd Turkish League 2017"]
[Site "Konya"]
[Date "2017.07.18"]
[Round "3"]
[White "Alaz, Ahmet Efekan"]
[Black "Ozgur, Isa"]
[Result "1/2-1/2"]
[ECO "A47"]
[WhiteElo "2015"]
[BlackElo "1904"]
[Annotator "NA"]
[PlyCount "46"]
[EventType "team-tourn"]
[EventCountry "TUR"]
[SourceTitle "playchess.com"]
[Source "ChessBase"]
[SourceQuality "1"]
[TimeControl "5400+30"]

1. d4 Nf6 2. Nf3 c5 3. e3 g6 4. c3 b6 5. Nbd2 Bg7 6. Bd3 Bb7 7. O-O O-O 8. Re1 d5 9. a4 Nc6 10. Rb1 a5 11. Ne5 Nxe5 12. dxe5 Ne4 13. f4 Nxd2 14. Bxd2 f6 15. exf6 Bxf6 16. Qg4 Qd6 17. Rbd1 e5 18. Bxg6 hxg6 19. Qxg6+ Kh8 20. Qh6+ Kg8 21. Qg6+ Kh8 22. Qh6+ Kg8 23. Qg6+ Kh8 1/2-1/2

[Event "2nd Turkish League 2017"]
[Site "Konya"]
[Date "2017.07.18"]
[Round "3"]
[White "Okay, Ilkin Ege"]
[Black "Doner, Mustafa"]
[Result "1-0"]
[ECO "B86"]
[WhiteElo "1973"]
[BlackElo "1879"]
[Annotator "NA"]
[PlyCount "61"]
[EventType "team-tourn"]
[EventCountry "TUR"]
[SourceTitle "playchess.com"]
[Source "ChessBase"]
[SourceQuality "1"]
[TimeControl "5400+30"]

1. e4 c5 2. Nf3 d6 3. d4 cxd4 4. Nxd4 Nf6 5. Nc3 a6 6. Bc4 e6 7. Bb3 Nbd7 8. Bg5 Nc5 9. f3 b5 10. Qd2 Bb7 11. O-O-O Qc7 12. Kb1 O-O-O 13. Bh4 Be7 14. Bg3 Qb6 15. Rhe1 Nfd7 16. Re3 g5 17. Bf2 Ne5 18. Qe2 Rhg8 19. g3 Nc6 20. Nxc6 Qxc6 21. Bd5 Qc7 22. Bxb7+ Kxb7 23. Rd4 Qc6 24. b4 e5 25. Rd1 Ne6 26. Nd5 Qd7 27. Rc3 Rc8 28. Qe3 Nd4 29. Rxd4 exd4 30. Qxd4 Rxc3 31. Qa7+ 1-0

[Event "2nd Turkish League 2017"]
[Site "Konya"]
[Date "2017.07.18"]
[Round "3"]
[White "Gazioglu, Halit"]
[Black "Buker, Muhittin"]
[Result "0-1"]
[ECO "E38"]
[WhiteElo "1922"]
[BlackElo "2006"]
[Annotator "NA"]
[PlyCount "67"]
[EventType "team-tourn"]
[EventCountry "TUR"]
[SourceTitle "playchess.com"]
[Source "ChessBase"]
[SourceQuality "1"]
[TimeControl "5400+30"]

1. d4 Nf6 2. c4 e6 3. Nc3 Bb4 4. Qc2 c5 5. e3 O-O 6. Nf3 Nc6 7. Bd3 d5 8. dxc5 e5 9. cxd5 Qxd5 10. Bd2 Bxc3 11. Qxc3 Be6 12. Bc2 e4 13. Nd4 Qh5 14. Nxc6 bxc6 15. Bd1 Qg5 16. Rg1 Rfd8 17. Be2 Rd5 18. b4 Ng4 19. Qc2 Nxf2 20. Kxf2 Qf6+ 21. Bf3 exf3 22. gxf3 Rh5 23. Qc3 Rxh2+ 24. Ke1 Qh4+ 25. Kd1 g6 26. Be1 Rd8+ 27. Kc1 Qh5 28. Bg3 Re2 29. Qf6 Qd5 30. Qc3 Qxf3 31. Bf4 Bf5 32. Qf6 Rc2+ 33. Kb1 Rh2+ 34. Kc1 0-1

[Event "2nd Turkish League 2017"]
[Site "Konya"]
[Date "2017.07.18"]
[Round "3"]
[White "Aktas, Ilker"]
[Black "Seyhanoglu, Deniz"]
[Result "0-1"]
[ECO "B43"]
[WhiteElo "1905"]
[BlackElo "2049"]
[Annotator "NA"]
[PlyCount "70"]
[EventType "team-tourn"]
[EventCountry "TUR"]
[SourceTitle "playchess.com"]
[Source "ChessBase"]
[SourceQuality "1"]
[TimeControl "5400+30"]

1. e4 c5 2. Nf3 e6 3. d4 cxd4 4. Nxd4 a6 5. Nc3 b5 6. Bd3 Bb7 7. O-O d6 8. Qe2 Nd7 9. Kh1 Ngf6 10. Bg5 Be7 11. f4 Qb6 12. Nf3 b4 13. Nd1 Nc5 14. Nf2 Nxd3 15. cxd3 O-O 16. Bxf6 Bxf6 17. Ng4 Be7 18. Ne3 Qb5 19. f5 Bxe4 20. Nc4 d5 21. Nce5 Bf6 22. Rad1 Bxe5 23. Nxe5 Bxf5 24. Rf4 Rae8 25. h4 f6 26. Nf3 Bg6 27. Nd4 Qb6 28. Nc2 a5 29. h5 Qc7 30. Rf2 Bf7 31. Qg4 Qe5 32. h6 Qh5+ 33. Qxh5 Bxh5 34. hxg7 Kxg7 35. Nd4 Bxd1 0-1

[Event "2nd Turkish League 2017"]
[Site "Konya"]
[Date "2017.07.18"]
[Round "3"]
[White "Isik, Recep"]
[Black "Kerem, Halil Ozgun"]
[Result "0-1"]
[ECO "B51"]
[WhiteElo "1895"]
[BlackElo "2074"]
[Annotator "NA"]
[PlyCount "75"]
[EventType "team-tourn"]
[EventCountry "TUR"]
[SourceTitle "playchess.com"]
[Source "ChessBase"]
[SourceQuality "1"]
[TimeControl "5400+30"]

1. e4 c5 2. Nf3 d6 3. Bb5+ Nd7 4. c4 Ngf6 5. Nc3 e6 6. O-O Be7 7. d4 cxd4 8. Nxd4 O-O 9. Bxd7 Bxd7 10. b3 a6 11. Qe2 Qa5 12. Bb2 Rfd8 13. Kh1 Qh5 14. f3 Be8 15. Rad1 Rab8 16. a4 Nd7 17. Qe3 Nc5 18. f4 Bf6 19. Nce2 Qh6 20. Rf3 b5 21. axb5 axb5 22. b4 Na4 23. Rh3 Qg6 24. Rg3 Nxb2 25. Rxg6 Nxd1 26. Qg1 hxg6 27. Qxd1 bxc4 28. Qd2 d5 29. e5 Be7 30. Nc2 Rb7 31. Nc1 Rdb8 32. Na2 Ra8 33. Nc1 Ra4 34. g4 Bxb4 35. Qd4 Bf8 36. Kg2 c3 37. Qxc3 Rc4 38. Qd2 0-1

[Event "2nd Turkish League 2017"]
[Site "Konya"]
[Date "2017.07.18"]
[Round "3"]
[White "Uyanik, Ulas"]
[Black "Koc, Dogan Mehmet"]
[Result "1-0"]
[ECO "A12"]
[WhiteElo "1861"]
[BlackElo "1712"]
[Annotator "NA"]
[PlyCount "61"]
[EventType "team-tourn"]
[EventCountry "TUR"]
[SourceTitle "playchess.com"]
[Source "ChessBase"]
[SourceQuality "1"]
[TimeControl "5400+30"]

1. c4 c6 2. Nf3 d5 3. b3 Nf6 4. Bb2 Bf5 5. d3 e6 6. Nbd2 Bd6 7. Qc2 Nbd7 8. cxd5 exd5 9. g3 O-O 10. Bg2 Re8 11. Nd4 Bg6 12. O-O Bc5 13. N2f3 Qb6 14. a3 a5 15. Bc3 Bxd4 16. Bxd4 c5 17. Bxf6 Nxf6 18. Nh4 Qd6 19. Nxg6 hxg6 20. e4 a4 21. bxa4 g5 22. exd5 Ra5 23. Rab1 b6 24. Qb3 Nd7 25. Rfe1 Rea8 26. Bh3 Rxa4 27. Bxd7 Qxd7 28. Qxb6 Qxd5 29. Rbc1 Rxa3 30. Rxc5 Qd4 31. Rc8+ 1-0

[Event "2nd Turkish League 2017"]
[Site "Konya"]
[Date "2017.07.18"]
[Round "3"]
[White "Altunbay, Onder"]
[Black "Batmaz, Onur Utku"]
[Result "1/2-1/2"]
[ECO "B38"]
[WhiteElo "1830"]
[BlackElo "1562"]
[Annotator "NA"]
[PlyCount "81"]
[EventType "team-tourn"]
[EventCountry "TUR"]
[SourceTitle "playchess.com"]
[Source "ChessBase"]
[SourceQuality "1"]
[TimeControl "5400+30"]

1. e4 c5 2. Nf3 g6 3. d4 cxd4 4. Nxd4 Bg7 5. c4 Nc6 6. Be3 Nf6 7. Nc3 O-O 8. Be2 d6 9. O-O Bd7 10. Rc1 Nxd4 11. Bxd4 Bc6 12. f3 Nd7 13. Bxg7 Kxg7 14. Qd2 Rc8 15. Kh1 a6 16. Qd4+ Kg8 17. Rfd1 Qb6 18. Qd2 Nc5 19. b3 Rfe8 20. Nd5 Bxd5 21. exd5 a5 22. Re1 Qb4 23. Rc2 Qxd2 24. Rxd2 Kf8 25. Kg1 Rc7 26. Bf1 Ra8 27. Kf2 Kg7 28. Ke3 h6 29. Kd4 Kf6 30. Re3 Rac8 31. g3 Ra8 32. Be2 Rac8 33. Bf1 Ra8 34. f4 h5 35. Be2 Rh8 36. h3 b6 37. Bd1 Rhc8 38. Be2 Rh8 39. Bd1 Rhc8 40. Be2 Rh8 41. Bd1 1/2-1/2

[Event "2nd Turkish League 2017"]
[Site "Konya"]
[Date "2017.07.18"]
[Round "3"]
[White "Suzan, Ufuk"]
[Black "Duman, Aydin"]
[Result "0-1"]
[ECO "B35"]
[WhiteElo "1813"]
[BlackElo "2056"]
[Annotator "NA"]
[PlyCount "112"]
[EventType "team-tourn"]
[EventCountry "TUR"]
[SourceTitle "playchess.com"]
[Source "ChessBase"]
[SourceQuality "1"]
[TimeControl "5400+30"]

1. e4 c5 2. Nf3 g6 3. d4 cxd4 4. Nxd4 Bg7 5. Nc3 Nc6 6. Be3 Nf6 7. Bc4 Qa5 8. O-O d6 9. h3 O-O 10. a3 Bd7 11. f4 Nxd4 12. Bxd4 Bc6 13. Qd3 Nd7 14. Bxg7 Kxg7 15. Kh1 Nf6 16. Rae1 e6 17. Qxd6 Rfd8 18. Qb4 Qxb4 19. axb4 Rd4 20. Bd3 Rxb4 21. b3 Rd8 22. Kh2 Nd7 23. Bc4 Nc5 24. Rf2 a5 25. f5 b5 26. Bf1 a4 27. fxe6 fxe6 28. bxa4 bxa4 29. e5 Rdd4 30. Rf6 Rd2 31. Nb1 Rxc2 32. Na3 Ra2 33. Rc1 Nd3 34. Rxc6 Nxe5 35. Rcxe6 Rxa3 36. Rf2 Re3 37. Re7+ Kh6 38. Ra7 a3 39. Re2 Rbb3 40. Rc2 Rec3 41. Rxc3 Rxc3 42. Kg1 Nc6 43. Ra4 Kg5 44. Bc4 Ne5 45. Bg8 h5 46. Kf1 Nd3 47. Kg1 h4 48. Rg4+ Kh5 49. Kf1 g5 50. Bf7+ Kh6 51. Ra4 Nf4 52. Ra6+ Kg7 53. Ra7 Kf6 54. Be8 Rc1+ 55. Kf2 Rc2+ 56. Kf1 a2 0-1

[Event "2nd Turkish League 2017"]
[Site "Konya"]
[Date "2017.07.19"]
[Round "3"]
[White "Guney, Gamze Nur"]
[Black "Simsek, Meltem"]
[Result "1/2-1/2"]
[ECO "A25"]
[WhiteElo "1776"]
[BlackElo "1752"]
[Annotator "NA"]
[PlyCount "62"]
[EventType "team-tourn"]
[EventCountry "TUR"]
[SourceTitle "playchess.com"]
[Source "ChessBase"]
[SourceQuality "1"]
[TimeControl "5400+30"]

1. c4 e5 2. Nc3 Nc6 3. g3 Bc5 4. Bg2 d6 5. e3 Nge7 6. Nge2 O-O 7. O-O a6 8. Kh1 f5 9. f4 Ba7 10. a3 Be6 11. Nd5 Rb8 12. d3 b5 13. b3 Bf7 14. Qe1 Nxd5 15. cxd5 Ne7 16. e4 fxe4 17. dxe4 Bh5 18. Ra2 Qd7 19. Ng1 Rbe8 20. Nh3 Bg4 21. f5 c6 22. dxc6 Nxc6 23. Nf2 Bh5 24. Be3 Nd4 25. b4 Bf7 26. Rb2 Bc4 27. Rg1 d5 28. g4 dxe4 29. Nxe4 Bd5 30. Rd2 Qb7 31. Bf2 Rd8 1/2-1/2

[Event "2nd Turkish League 2017"]
[Site "Konya"]
[Date "2017.07.18"]
[Round "3"]
[White "Ozdemir, Ali"]
[Black "Sahinoglu, Hakan"]
[Result "1/2-1/2"]
[ECO "B33"]
[WhiteElo "1762"]
[BlackElo "1835"]
[Annotator "NA"]
[PlyCount "85"]
[EventType "team-tourn"]
[EventCountry "TUR"]
[SourceTitle "playchess.com"]
[Source "ChessBase"]
[SourceQuality "1"]
[TimeControl "5400+30"]

1. e4 c5 2. Nf3 Nc6 3. d4 cxd4 4. Nxd4 Nf6 5. Nc3 e5 6. Ndb5 d6 7. Bg5 a6 8. Na3 b5 9. Nd5 Be7 10. Bxf6 Bxf6 11. c3 O-O 12. Nc2 Bg5 13. a4 Rb8 14. axb5 axb5 15. Ncb4 Nxb4 16. Nxb4 Qb6 17. Qh5 Bd8 18. Bd3 g6 19. Qe2 f5 20. f3 Bg5 21. Qf2 Be3 22. Qe2 Bb7 23. exf5 gxf5 24. Nc2 Bf4 25. Qf2 Qc7 26. O-O Bd5 27. Nb4 Be6 28. Na6 Qb6 29. Qxb6 Rxb6 30. Nb4 Be3+ 31. Kh1 Rbb8 32. Rfe1 Bf2 33. Rf1 Bc5 34. Na6 Rb7 35. Nxc5 dxc5 36. Ra5 c4 37. Bc2 Rd8 38. Raa1 Rd2 39. Rfc1 Rbd7 40. Bd1 Rxb2 41. Rab1 Rdd2 42. Rxb2 Rxb2 43. Kg1 1/2-1/2

[Event "2nd Turkish League 2017"]
[Site "Konya"]
[Date "2017.07.18"]
[Round "3"]
[White "Yakar, Ozan Tuna"]
[Black "Ibik, Halit Yavuz"]
[Result "1/2-1/2"]
[ECO "D52"]
[WhiteElo "1718"]
[BlackElo "2004"]
[Annotator "NA"]
[PlyCount "60"]
[EventType "team-tourn"]
[EventCountry "TUR"]
[SourceTitle "playchess.com"]
[Source "ChessBase"]
[SourceQuality "1"]
[TimeControl "5400+30"]

1. d4 d5 2. Nf3 Nf6 3. c4 c6 4. Nc3 e6 5. Bg5 Nbd7 6. cxd5 exd5 7. e3 Qa5 8. Nd2 Ne4 9. Ncxe4 dxe4 10. Bh4 Nb6 11. Be2 f5 12. O-O Be6 13. Qc2 Bd6 14. Nc4 Nxc4 15. Bxc4 Bxc4 16. Qxc4 Qd5 17. Qxd5 cxd5 18. Bg3 Kd7 19. Bxd6 Kxd6 20. Rfc1 g5 21. Rc5 Rac8 22. Rac1 Rxc5 23. Rxc5 Rf8 24. Kf1 f4 25. Ke2 f3+ 26. Kf1 fxg2+ 27. Kxg2 h5 28. Rc1 g4 29. Rc2 Kd7 30. Rc5 Kd6 1/2-1/2